 Dungeon Crawl Stone Soup version 0.17-a0-1913-g47c5406 (webtiles) character file.

1862 Geeful the Grappler (level 9, 0/63 HPs)
             Began as a Human Wanderer on Sept 26, 2015.
             Was a Follower of Makhleb.
             Slain by an ogre
             ... wielding a cursed -1 giant spiked club
              (32 damage)
             ... on level 6 of the Dungeon.
             The game lasted 00:18:31 (8531 turns).

Geeful the Grappler (Human Wanderer)                Turns: 8531, Time: 00:18:31

Health: 0/63       AC:  7    Str: 16    XL:     9   Next: 35%
Magic:  9/9        EV: 10    Int: 12    God:    Makhleb [*.....]
Gold:   282        SH:  0    Dex: 13    Spells: 0 memorised, 8 levels left

rFire  . . .     SeeInvis .       - Unarmed
rCold  + . .     Clarity  +     D - +0 ring mail (curse)
rNeg   . . .     SustAt   .     (no shield)
rPois  +         Gourm    .     (helmet restricted)
rElec  .         Spirit   .     i - +1 cloak
rCorr  .         Warding  .     (no gloves)
rMut   .         Stasis   .     (no boots)
MR     .....                    k - amulet of clarity
Stlth  +.........               A - ring of protection from cold
                                y - ring of poison resistance

@: not resistant to hostile enchantments, very unstealthy
A: horns 1
a: Renounce Religion


You were on level 6 of the Dungeon.
You worshipped Makhleb.
Makhleb was aware of your devotion.
You were not hungry.

You visited 1 branch of the dungeon, and saw 6 of its levels.

You collected 282 gold pieces.

Inventory:

Missiles
 s - 18 poisoned needles
 J - a throwing net (quivered)
Armour
 c - a +0 robe
 g - a +0 ring mail
 h - a +0 scale mail
 i - a +1 cloak (worn)
 D - a cursed +0 ring mail (worn)
Jewellery
 k - an amulet of clarity (around neck)
 y - a ring of poison resistance (left hand)
 A - a ring of protection from cold (right hand)
 B - an uncursed amulet of guardian spirit
Magical devices
 p - a wand of fire (7)
 u - a wand of random effects (10)
Scrolls
 b - 2 scrolls of teleportation
 e - 2 scrolls of magic mapping
 l - 2 scrolls of remove curse
 m - 2 scrolls of enchant armour
Potions
 a - a potion of curing
 f - 2 potions of resistance
 n - a potion of magic
 o - a potion of ambrosia
 r - 2 potions of might
 z - a potion of agility
 E - a potion of haste
 H - 3 potions of heal wounds
Books
 v - a book of the Dragon

   Spells                             Type                      Level
   a - Flame Tongue                   Conjuration/Fire             1
   b - Cause Fear                     Hexes                        4
   c - Bolt of Fire                   Conjuration/Fire             6
   d - Dragon Form                    Transmutation                7
   e - Dragon's Call                  Summoning                    9
 x - a Fen Folio

   Spells                             Type                      Level
   a - Corpse Rot                     Necromancy                   2
   b - Stone Arrow                    Conjuration/Earth            3
   c - Leda's Liquefaction            Hexes/Earth                  4
   d - Summon Forest                  Summoning/Translocation      5
   e - Hydra Form                     Transmutation                6
   f - Summon Hydra                   Summoning                    7
Comestibles
 d - 6 bread rations
 j - 2 beef jerkies
 q - 3 meat rations
 t - 4 fruits


   Skills:
 - Level 3.0 Fighting
   Level 2.0 Maces & Flails
   Level 1.0 Bows
 - Level 2.0 Armour
 - Level 1.0 Stealth
   Level 1.0 Shields
 + Level 11.3 Unarmed Combat


You had 8 spell levels left.
You didn't know any spells.

Dungeon Overview and Level Annotations

Branches:
Dungeon (6/15)
 Temple: D:4-7

Altars:
Cheibriados
Elyvilon
Gozag
Kikubaaqudgha
Makhleb
Nemelex Xobeh
Qazlal
Ru
Trog
Vehumet
Xom
Zin

Shops:
D:6 ?


Innate Abilities, Weirdness & Mutations

You have a pair of small horns on your head.


Message History

There is a stone staircase leading down, spattered with blood here.
You see here an arrow.
There is a stone staircase leading down, spattered with blood here.
You see here an arrow.
You start resting.
All of the chunks of flesh in your inventory have rotted away.
You start resting.
HP restored.
You climb downwards.
The ogre barely misses you.
There is a stone staircase leading up here.
You hit the ogre. You headbutt the ogre.
The ogre is moderately wounded.
The ogre hits you with a giant spiked club!!
You hit the ogre. You headbutt the ogre.
The ogre is heavily wounded.
You hit the ogre.
The ogre is severely wounded.
The ogre hits you with a giant spiked club!!
Ouch! That really hurt!
You die...

#.###.## #.# #.#
#.# #.#
######.###.#
..........#.###
#.............#
#...........#.#
#..#.##.#.###.##
#.
#....>@.....## #
####...O..#..#
###.#.....#
#.#.#†#.#
#.#.#.#.#
......#.#
..#...#.#
.....$.# ..
...##


You could see an ogre.

Vanquished Creatures
  Sigmund (D:6)
  Edmund (D:5)
  An ice beast (D:5)
  A centaur (D:5)
  An ogre (D:4)
  2 phantoms
  A wyvern zombie (D:4)
  2 giant frogs (D:6)
  2 scorpions
  3 wights (D:6)
  A giant frog skeleton (D:4)
  4 orc wizards
  2 orc priests (D:5)
  A gnoll shaman (D:4)
  Jessica (D:2)
  A hound (D:4)
  4 worker ants
  2 hound skeletons (D:6)
  19 gnolls
  9 adders
  2 worms
  5 giant geckos
  12 orcs
  2 ball pythons (D:3)
  2 giant cockroaches
  7 hobgoblins
  12 jackals
  8 kobolds
  A quokka (D:2)
  A ball python skeleton (D:4)
  10 bats
  5 giant newts
  4 goblins
  4 rats
134 creatures vanquished.

Notes
Turn   | Place    | Note
--------------------------------------------------------------
     0 | D:1      | Geeful the Human Wanderer began the quest for the Orb.
     0 | D:1      | Geeful set off with: a +2 mace, 2 scrolls of teleportation, a +0 robe, a bread ration, a !bad item (cl:100,ty:0,pl:0,pl2:0,sp:0,qu:0), a !bad item (cl:100,ty:0,pl:0,pl2:0,sp:0,qu:0), a !bad item (cl:100,ty:0,pl:0,pl2:0,sp:0,qu:0), a !bad item (cl:100,ty:0,pl:0,pl2:0,sp:0,qu:0), a !bad item (cl:100,ty:0,pl:0,pl2:0,sp:0,qu:0), a !bad item (cl:100,ty:0,pl:0,pl2:0,sp:0,qu:0), a !bad item (cl:100,ty:0,pl:0,pl2:0,sp:0,qu:0), a !bad item (cl:100,ty:0,pl:0,pl2:0,sp:0,qu:0), a !bad item (cl:100,ty:0,pl:0,pl2:0,sp:0,qu:0), a !bad item (cl:100,ty:0,pl:0,pl2:0,sp:0,qu:0), a !bad item (cl:100,ty:0,pl:0,pl2:0,sp:0,qu:0), a !bad item (cl:100,ty:0,pl:0,pl2:0,sp:0,qu:0), a !bad item (cl:100,ty:0,pl:0,pl2:0,sp:0,qu:0), a !bad item (cl:100,ty:0,pl:0,pl2:0,sp:0,qu:0), a !bad item (cl:100,ty:0,pl:0,pl2:0,sp:0,qu:0), a !bad item (cl:100,ty:0,pl:0,pl2:0,sp:0,qu:0), a !bad item (cl:100,ty:0,pl:0,pl2:0,sp:0,qu:0), a !bad item (cl:100,ty:0,pl:0,pl2:0,sp:0,qu:0), a !bad item (cl:100,ty:0,pl:0,pl2:0,sp:0,qu:0), a !bad item (cl:100,ty:0,pl:0,pl2:0,sp:0,qu:0), a !bad item (cl:100,ty:0,pl:0,pl2:0,sp:0,qu:0), a !bad item (cl:100,ty:0,pl:0,pl2:0,sp:0,qu:0), a !bad item (cl:100,ty:0,pl:0,pl2:0,sp:0,qu:0), a !bad item (cl:100,ty:0,pl:0,pl2:0,sp:0,qu:0), a !bad item (cl:100,ty:0,pl:0,pl2:0,sp:0,qu:0), a !bad item (cl:100,ty:0,pl:0,pl2:0,sp:0,qu:0), a !bad item (cl:100,ty:0,pl:0,pl2:0,sp:0,qu:0), a !bad item (cl:100,ty:0,pl:0,pl2:0,sp:0,qu:0), a !bad item (cl:100,ty:0,pl:0,pl2:0,sp:0,qu:0), a !bad item (cl:100,ty:0,pl:0,pl2:0,sp:0,qu:0), a !bad item (cl:100,ty:0,pl:0,pl2:0,sp:0,qu:0), a !bad item (cl:100,ty:0,pl:0,pl2:0,sp:0,qu:0), a !bad item (cl:100,ty:0,pl:0,pl2:0,sp:0,qu:0), a !bad item (cl:100,ty:0,pl:0,pl2:0,sp:0,qu:0), a !bad item (cl:100,ty:0,pl:0,pl2:0,sp:0,qu:0), a !bad item (cl:100,ty:0,pl:0,pl2:0,sp:0,qu:0), a !bad item (cl:100,ty:0,pl:0,pl2:0,sp:0,qu:0), a !bad item (cl:100,ty:0,pl:0,pl2:0,sp:0,qu:0), a !bad item (cl:100,ty:0,pl:0,pl2:0,sp:0,qu:0), a !bad item (cl:100,ty:0,pl:0,pl2:0,sp:0,qu:0), a !bad item (cl:100,ty:0,pl:0,pl2:0,sp:0,qu:0), a !bad item (cl:100,ty:0,pl:0,pl2:0,sp:0,qu:0), a !bad item (cl:100,ty:0,pl:0,pl2:0,sp:0,qu:0), a !bad item (cl:100,ty:0,pl:0,pl2:0,sp:0,qu:0), a !bad item (cl:100,ty:0,pl:0,pl2:0,sp:0,qu:0), a !bad item (cl:100,ty:0,pl:0,pl2:0,sp:0,qu:0), a !bad item (cl:100,ty:0,pl:0,pl2:0,sp:0,qu:0), a !bad item (cl:100,ty:0,pl:0,pl2:0,sp:0,qu:0)
     0 | D:1      | Reached XP level 1. HP: 18/18 MP: 1/1
   234 | D:1      | Reached skill level 1 in Unarmed Combat
   522 | D:1      | Reached XP level 2. HP: 18/24 MP: 2/2
  1387 | D:2      | Reached XP level 3. HP: 13/29 MP: 3/3
  1918 | D:2      | Found a shimmering altar of Xom.
  2373 | D:2      | Noticed Jessica
  2385 | D:2      | Killed Jessica
  2385 | D:2      | Reached XP level 4. HP: 35/35 MP: 4/4
  2787 | D:3      | Found a sacrificial altar of Ru.
  2808 | D:3      | Found a radiant altar of Vehumet.
  2957 | D:3      | Found a snail-covered altar of Cheibriados.
  3102 | D:3      | Reached skill level 4 in Unarmed Combat
  3526 | D:3      | Reached XP level 5. HP: 37/41 MP: 5/5
  4110 | D:3      | Reached skill level 5 in Unarmed Combat
  4651 | D:4      | Reached XP level 6. HP: 37/47 MP: 6/6
  4689 | D:4      | Reached skill level 6 in Unarmed Combat
  5176 | D:4      | Reached XP level 7. HP: 52/52 MP: 7/7
  5383 | D:4      | Reached skill level 7 in Unarmed Combat
  6484 | D:4      | Noticed an ogre
  6487 | D:4      | Killed an ogre
  6487 | D:4      | Reached skill level 8 in Unarmed Combat
  6525 | D:4      | Found a sparkling altar of Nemelex Xobeh.
  6574 | D:5      | Entered Level 5 of the Dungeon
  6671 | D:5      | Found a glowing silver altar of Zin.
  6701 | D:5      | Found a stormy altar of Qazlal.
  6726 | D:5      | Found a bloodstained altar of Trog.
  6728 | D:5      | Found an opulent altar of Gozag.
  6730 | D:5      | Found a burning altar of Makhleb.
  6751 | D:4      | Reached XP level 8. HP: 39/58 MP: 2/8
  6874 | D:5      | Found a white marble altar of Elyvilon.
  6886 | D:5      | Became a worshipper of Makhleb the Destroyer
  7256 | D:5      | Found an ancient bone altar of Kikubaaqudgha.
  7295 | D:5      | Reached skill level 9 in Unarmed Combat
  7790 | D:5      | Gained mutation: You have a pair of small horns on your head. [potion of beneficial mutation]
  7847 | D:6      | Found Sigeoloq's Magic Scroll Boutique.
  8026 | D:6      | Reached skill level 10 in Unarmed Combat
  8110 | D:6      | Noticed Edmund
  8111 | D:6      | Noticed Sigmund
  8137 | D:5      | Killed Edmund
  8137 | D:5      | Reached XP level 9. HP: 49/63 MP: 9/9
  8214 | D:6      | Killed Sigmund
  8214 | D:6      | Acquired Makhleb's first power
  8320 | D:6      | Reached skill level 11 in Unarmed Combat
  8531 | D:6      | Slain by an ogre

Vault maps used:
D:1:      dpeg_arrival_brainrot
D:2:      lemuel_statue_altar, uniq_jessica
D:3:      vehumet_crystals, cheibriados_altar_1, lemuel_crystal_altar
D:4:      lemuel_crystal_altar, first_bread
D:5:      nicolae_qazlal_eye_of_the_storm, grunt_temple_overflow_open,
          basic_altar
D:6:      fedhas_altar_fruit_tree, nicolae_tso_besieged_by_evil,
          minmay_temple_entry_fiery, serial_shops, shop,
          sigmund_edmund_badplayer

Action                   |  1- 3 |  4- 6 |  7- 9 || total
-------------------------+-------+-------+-------++-------
Melee: Unarmed           |   204 |   288 |   347 ||   839
Evoke: Wand              |       |       |     6 ||     6
  Use: Potion            |     2 |     2 |     9 ||    13
       Scroll            |       |     6 |     6 ||    12
 Stab: Confused          |       |       |     2 ||     2
  Eat: Chunk             |     4 |    10 |     9 ||    23
       Beef jerky        |       |       |     1 ||     1
